 Dungeon Crawl Stone Soup version 0.30-a0-1018-g25214051b3 (webtiles) character file.

Game seed: 13317024412064266103

67 BlueFish the Grasshopper (level 4, 0/30 HPs)
             Began as an Octopode Warper on Apr 7, 2023.
             Slain by an orc
             ... wielding a +0 trident
              (3 damage)
             ... on level 3 of the Dungeon.
             The game lasted 00:03:14 (1846 turns).

BlueFish the Grasshopper (Octopode Warper)          Turns: 1846, Time: 00:03:15

Health: 0/30       AC:  1    Str: 12    XL:     4   Next: 18%
Magic:  7/7        EV: 13    Int: 15    God:
Gold:   238        SH:  0    Dex: 11    Spells: 0/7 levels left

rFire   . . .      SeeInvis .    i - +0 whip
rCold   . . .      Faith    .    (no shield)
rNeg    . . .      Spirit   .    (helmet restricted)
rPois   .          Reflect  .    (no amulet)
rElec   .          Rampage  .    (no ring)
rCorr   .                        (no ring)
Will    .....                    (no ring)
Stlth   +++                      (no ring)
HPRegen 0.25/turn                (no ring)
MPRegen 0.10/turn                (no ring)
                                 (no ring)
                                 (no ring)

@: no status effects
A: almost no armour, amphibious, 8 rings, camouflage 1, gelatinous body 1,
(nimble swimmer 1), tentacles
a: no special abilities


You were on level 3 of the Dungeon.
You visited 1 branch of the dungeon, and saw 3 of its levels.

You collected 238 gold pieces.

Inventory:

Hand Weapons
 i - a +0 whip (weapon)
Missiles
 b - 7 boomerangs of dispersal
 e - 18 stones (quivered)
 n - 2 poisoned darts
Wands
 r - a wand of paralysis (9)
Scrolls
 a - a scroll of blinking
 f - a scroll of summoning
 j - a scroll of enchant armour
 k - a scroll of immolation {unknown}
 l - a scroll of teleportation {unknown}
Potions
 d - a potion of brilliance
 g - a potion of haste
 h - a potion of curing
 m - 2 potions of flight
 o - 2 potions of might
 p - 2 potions of cancellation {unknown}
 q - a potion of berserk rage {unknown}


   Skills:
 + Level 2.4 Fighting
 + Level 1.6 Throwing
 + Level 2.8 Dodging
 * Level 2.6 Stealth
 + Level 2.2 Unarmed Combat
 + Level 2.2 Spellcasting
 + Level 3.2 Translocations


You couldn't memorise any spells.
You knew the following spells:

 Your Spells              Type           Power      Damage    Failure   Level
a - Blink                 Tloc           22%        N/A       9%          2
b - Lesser Beckoning      Tloc           22%        N/A       9%          2
c - Teleport Other        Tloc           11%        N/A       17%         3

Your spell library contained the following spells:

 Spells                   Type           Power      Damage    Failure   Level
 Apportation              Tloc           22%        N/A       6%          1
 Vhi's Electric Charge    Tloc/Air       12%        N/A       32%         3
 Manifold Assault         Tloc           11%        N/A       50%         4
 Alistair's Intoxication  Tmut/Pois      0%         N/A       99%         5


Dungeon Overview and Level Annotations

Branches:
Dungeon (3/15)

Altars:

Annotations:
D:3 Grinder


Innate Abilities, Weirdness & Mutations

You cannot wear most types of armour.
You are amphibious.
You can wear up to eight rings at the same time.
Your skin changes colour to match your surroundings (Stealth+).
Your rubbery body absorbs attacks. (AC +1, EV +1)
((You are camouflaged when in or above water. (Stealth+)))
You have tentacles for arms and can constrict up to eight enemies at once.


Message History

Found a stone staircase leading down.
An orc and an orc wizard come into view.
An orc comes into view. It is wielding a +0 trident.
Found a scroll labelled COFIDU FUOWK.
Found a stone staircase leading down.
The orc shouts!
The orc wizard points at you and mumbles some strange words.
You resist with some effort. The orc closely misses you.
Grinder comes into view.
The orc attacks as you move away! The orc hits you with a +0 whip.
Grinder shouts!
The orc shouts!
You hit the orc. You grab the orc.
The orc is heavily wounded.
You constrict the orc. The orc barely misses you.
A goblin comes into view. It is wielding a +0 club.
You hit the orc.
You kill the orc!
The orc wizard casts a spell.
The orc wizard flickers and vanishes!
Deactivating autopickup; reactivate with Ctrl-A.
There is a stone staircase leading up here.
The orc closely misses you. The orc closely misses you.
You closely miss something.
The orc hits you from afar with a +0 trident.
Something hits you.
You hit something. The orc closely misses you.
You barely miss the orc. Your grab misses the orc. You squeeze the orc!
You kill the orc!
The orc closely misses you. Something hits you.
You hit something. Your squeeze misses something.
The orc hits you from afar with a +0 trident!
Something hits you. The goblin hits you with a +0 club.
* * * LOW HITPOINT WARNING * * *
The orc misses you. Something hits you.
* * * LOW HITPOINT WARNING * * *
Okay, then.
The goblin hits you with a +0 club.
* * * LOW HITPOINT WARNING * * *
The orc hits you from afar with a +0 trident.
You die...

#. ........ #.# ........ #.###
........ #....###.....#
#.##.†....# #.# ##....# ####
#.###....## ...# ###.....#..#
...######....##.@.## #......
...#........###g### .......
.....###....##.o# .......
....####....##.## .......
...#...........# ......?
.........#...### ......>
...#..........#########g...>..
)).#....##.##....o.o..).......
...#.......##############.....


You could see an orc and a goblin.

Vanquished Creatures
  An adder (D:2)
  A dart slug (D:1)
  3 orcs (D:3)
  2 ball pythons (D:1)
  8 endoplasms
  7 goblins
  6 hobgoblins
  6 jackals
  2 quokkas (D:1)
  3 bats
  4 kobolds
  3 rats
46 creatures vanquished.

Notes
Turn   | Place    | Note
-------+----------+-------------------------------------------
     0 | D:1      | BlueFish the Octopode Warper began the quest for the Orb.
     0 | D:1      | Reached XP level 1. HP: 14/14 MP: 3/3
   192 | D:1      | Reached skill level 1 in Stealth
   205 | D:1      | Reached XP level 2. HP: 18/19 MP: 5/5
   208 | D:1      | Learned a level 2 spell: Blink
   211 | D:1      | Learned a level 2 spell: Lesser Beckoning
   648 | D:1      | Reached XP level 3. HP: 20/24 MP: 6/6
  1176 | D:2      | Found a faded altar of an unknown god.
  1473 | D:2      | Reached XP level 4. HP: 25/30 MP: 7/7
  1482 | D:2      | Learned a level 3 spell: Teleport Other
  1819 | D:3      | Noticed Grinder
  1846 | D:3      | Slain by an orc

Illustrated notes

Levels and vault maps discovered:
D:1:      dpeg_arrival_arbitrary_a, layout_loops_cross, minmay_3d_cube
D:2:      layout_basic, hellmonk_ecumenical_altar_heavens_door
D:3:      layout_rooms, uniq_jessica, uniq_grinder

Skill      XL: |  1  2 |
---------------+-------+-----
Stealth        | 1 2 |  2.6
Fighting       | |  2.4
Throwing       | |  1.6
Dodging        | |  2.8
Unarmed Combat | |  2.2
Spellcasting   | |  2.2
Translocations | |  3.2

Action                     |  1- 3 |  4- 6 || total
---------------------------+-------+-------++-------
  Melee: Unarmed           |    34 |       ||    34
         Tentacles         |    20 |     2 ||    22
         Constrict         |    17 |     4 ||    21
         Whip              |    69 |    15 ||    84
         Punch             |     1 |       ||     1
    Use: Scroll            |     5 |     2 ||     7
   Stab: Sleeping          |     7 |       ||     7
         Distracted        |     1 |       ||     1
 Armour: Skin              |     9 |       ||     9
  Dodge: Dodged            |    58 |    14 ||    72

Table legend: (Time is in decaauts)
 A = Elapsed time spent in this place.
 B = Non-inter-level travel time spent in this place.
 C = Inter-level travel time spent in this place.
 D = Time resting spent in this place.
 E = Time spent auto-exploring this place.
 F = Levels seen in this place.
 G = Mean time per level.
                   A        B        C        D        E       F      G
               +--------+--------+--------+--------+--------+-----+--------+
         Total |   1852 |   1792 |     60 |      0 |   1371 |   3 |  617.3 |
       Dungeon |   1852 |   1792 |     60 |      0 |   1371 |   3 |  617.3 |
               +--------+--------+--------+--------+--------+-----+--------+

Top non-repeatable levels by time:
     D:1: 914 daAuts
     D:2: 840 daAuts
     D:3: 96 daAuts
